Map: Triton LE

Players

MaSa - Winner!

  • Race: Terran Terran
  • Spawn Location: 5:00

TurkeyDano

  • Race: Protoss Protoss
  • League: Master
  • Spawn Location: 11:00

Event: Cheeseadelphia XI, Cheeseadelphia XI

VOD

Have the link to the VOD?

Description

Time

  • Played on: Dec. 14, 2019, 1:54 p.m.
  • Length: 11:14

All games in this series

Show
View Real Time Build Order
Export as new Build Order

MaSa Terran - Winner!

Build Orders:  

Get SALT Encoding   

  12  0:00  SCV  
  13  0:12  SCV  
  14  0:17  Supply Depot  
  14  0:25  SCV  
  15  0:38  SCV  
  15  0:40  Barracks  
  16  0:44  Refinery  
  16  0:50  SCV  
  17  0:58  Supply Depot  
  17  1:03  SCV  
  18  1:15  SCV  
  19  1:26  Bunker, Marine  
  19  1:27  Orbital Command  
  20  1:34  Supply Depot  
  20  1:44  Marine  
  21  1:56  SCV  
  21  1:57  Factory  
  22  2:05  Marine  
  22  2:08  SCV  
  24  2:20  SCV  
  25  2:26  Barracks Reactor  
  25  2:29  Command Center  
  25  2:32  SCV  
  26  2:42  Starport  
  26  2:45  Hellion  
  26  2:46  SCV  
  29  2:53  Supply Depot  
  29  3:00  SCV, Refinery  
  30  3:09  Barracks Tech Lab  
  30  3:12  SCV  
  31  3:19  Hellion x2  
  35  3:25  Medivac  
  37  3:31  SCV  
  36  3:41  Barracks  
  36  3:43  SCV  
  37  3:50  Cyclone, Marine x2  
  37  3:55  SCV  
  42  3:58  Starport Tech Lab  
  42  3:59  Orbital Command  
  42  4:07  SCV  
  42  4:08  Marine x2  
  44  4:19  SCV  
  44  4:22  Siege Tank  
  45  4:25  SCV  
  45  4:30  Starport Reactor  
  45  4:32  SCV  
  45  4:35  Marine x2  
  45  4:37  SCV  
  49  4:43  Bunker  
  49  4:44  SCV  
  50  4:49  SCV  
  50  4:51  Marine  
  52  4:53  Marine  
  52  4:54  Engineering Bay  
  52  4:56  SCV  
  54  5:01  SCV  
  54  5:05  Siege Tank  
  56  5:08  SCV  
  56  5:09  Marine x2  
  56  5:10  Stimpack, Marine  
  56  5:14  SCV  
  61  5:15  Supply Depot  
  61  5:18  Barracks  
  61  5:20  SCV  
  62  5:23  Terran Infantry Weapons Level 1  
  62  5:30  Supply Depot  
  62  5:34  Refinery  
  62  5:36  SCV x2, Marine  
  62  5:38  Marine, Refinery  
  66  5:48  SCV x2, Factory Reactor  
  66  5:49  Supply Depot, Marine  
  69  5:50  Missile Turret  
  69  5:52  Medivac  
  71  6:00  SCV x2  
  71  6:01  Marine x2  
  75  6:06  Medivac  
  77  6:13  SCV  
  77  6:16  Command Center  
  78  6:20  Marine  
  78  6:21  Marine  
  78  6:23  Marauder  
  82  6:27  Marauder  
  84  6:33  Combat Shield  
  84  6:34  SCV x2  
  84  6:39  Supply Depot  
  86  6:42  Supply Depot  
  86  6:53  Supply Depot  
  86  6:54  Marine  
  86  6:58  Barracks  
  86  6:59  Barracks  
  86  7:00  SCV x2  
  86  7:01  Widow Mine  
  87  7:05  Marauder, Marine  
  88  7:12  SCV  
  88  7:13  SCV  
  88  7:14  Marine  
  88  7:15  Marauder  
  90  7:24  SCV, Widow Mine x2  
  90  7:25  SCV, Concussive Shells  
  90  7:26  Medivac  
  90  7:36  SCV, Marine  
  90  7:37  SCV, Marauder x2  
  90  7:39  Orbital Command  
  90  7:42  Terran Infantry Armor Level 1  
  90  7:43  Marine  
  91  7:47  Barracks Reactor, Barracks Tech Lab  
  91  7:51  Medivac  
  93  7:53  Widow Mine  
  93  7:54  Widow Mine  
  93  7:57  Marine  
  100  7:58  Marauder  
  100  8:02  SCV x2, Orbital Command  
  100  8:04  Marauder, Marine  
  103  8:11  Marauder  
  105  8:14  Medivac  
  105  8:15  SCV, Marine, Widow Mine  
  105  8:16  SCV, Widow Mine  
  116  8:20  Marauder  
  116  8:21  Marine  
  116  8:24  Medivac  
  119  8:28  SCV x2  
  119  8:29  SCV  
  119  8:33  Supply Depot  
  122  8:36  Widow Mine  
  122  8:39  Supply Depot x2, Marine  
  125  8:44  SCV  
  125  8:55  Medivac, Marauder x3  
  133  8:59  SCV, Marine  
  133  9:02  Marine  
  128  9:03  SCV  
  128  9:06  SCV  
  128  9:09  Medivac, Marine x2  
  128  9:11  SCV  
  128  9:16  Marine  
  128  9:17  Marauder x3  
  134  9:23  Command Center  
  124  9:29  SCV x2  
  122  9:33  Armory  
  122  9:35  Marine  
  122  9:36  Engineering Bay  
  122  9:37  Supply Depot  
  122  9:38  Marauder  
  125  9:39  Supply Depot, Marauder, Widow Mine  
  125  9:42  Refinery  
  128  9:56  Marine x2  
  128  9:57  SCV, Marauder  
  128  9:59  Marauder, Marine x2  
  133  10:00  Medivac x2, Marauder  
  132  10:07  SCV x2  
  130  10:14  Supply Depot, Marine x2  
  130  10:15  Supply Depot  
  130  10:16  Refinery  
  130  10:17  Marine x2  
  130  10:18  Marauder  
  130  10:21  Marauder  
  132  10:22  Widow Mine x2  
  132  10:24  SCV x2  
  132  10:25  SCV  
  132  10:26  Marine  
  132  10:27  Barracks  
  140  10:30  Medivac  
  141  10:43  Marine  
  141  10:44  Widow Mine x2, Marine, Marauder  
  141  10:45  SCV x2  
  151  10:51  Supply Depot, Command Center  
  151  10:53  Barracks  
  147  11:08  Barracks  
Show
View Real Time Build Order
Export as new Build Order

TurkeyDano Protoss 

Build Orders: Double Forge, Blink Stalkers 

Get SALT Encoding   

  12  0:00  Probe  
  13  0:13  Probe  
  14  0:17  Pylon  
  14  0:25  Probe  
  15  0:36  Forge  
  15  0:38  Probe  
  16  0:50  Probe  
  16  0:55  Pylon  
  17  1:03  Probe  
  18  1:05  Gateway  
  18  1:14  Photon Cannon  
  19  1:18  Probe  
  19  1:23  Assimilator  
  19  1:30  Probe  
  20  1:42  Probe  
  21  1:56  Probe  
  22  2:03  Nexus  
  21  2:10  Cybernetics Core  
  21  2:12  Probe  
  22  2:18  Assimilator  
  22  2:24  Probe  
  22  2:27  Pylon  
  23  2:43  Stalker (Chrono Boost)  
  23  2:45  Probe  
  23  2:47  Warp Gate  
  26  2:56  Pylon  
  26  2:57  Probe (Chrono Boost)  
  27  3:05  Stalker  
  27  3:07  Probe (Chrono Boost)  
  27  3:11  Twilight Council  
  30  3:15  Probe (Chrono Boost)  
  31  3:25  Probe (Chrono Boost)  
  31  3:26  Probe (Chrono Boost)  
  33  3:31  Probe (Chrono Boost)  
  34  3:36  Stalker  
  34  3:38  Probe (Chrono Boost)  
  37  3:41  Blink (Chrono Boost)  
  37  3:43  Probe (Chrono Boost)  
  39  3:52  Probe x2 (Chrono Boost)  
  40  3:55  Gateway  
  40  3:59  Gateway  
  40  4:01  Probe  
  41  4:03  Probe  
  42  4:13  Probe  
  42  4:15  Probe  
  44  4:25  Probe  
  44  4:28  Probe  
  42  4:31  Assimilator  
  42  4:33  Pylon  
  42  4:34  Robotics Facility  
  42  4:35  Forge  
  42  4:37  Probe  
  41  4:40  Stalker  
  33  4:52  Probe  
  30  5:01  Probe  
  30  5:05  Stalker x2, Probe  
  33  5:13  Probe  
  34  5:15  Protoss Ground Armor Level 1 (Chrono Boost)  
  34  5:17  Probe  
  35  5:23  Observer (Chrono Boost)  
  35  5:25  Probe  
  37  5:29  Probe  
  38  5:37  Probe  
  38  5:41  Probe  
  40  5:47  Protoss Ground Weapons Level 1 (Chrono Boost)  
  40  5:49  Probe  
  41  5:53  Probe  
  42  6:01  Probe  
  42  6:02  Charge  
  43  6:05  Probe  
  43  6:07  Gateway  
  43  6:09  Gateway  
  44  6:13  Probe  
  44  6:15  Sentry  
  44  6:17  Probe  
  48  6:25  Probe  
  48  6:28  Stalker x2  
  48  6:29  Probe  
  54  6:36  Photon Cannon  
  54  6:37  Probe  
  54  6:39  Stalker  
  57  6:45  Shield Battery x2  
  57  6:46  Probe  
  58  6:49  Pylon  
  54  7:11  Probe x2  
  54  7:13  Stalker x4  
  54  7:14  Stalker  
  60  7:31  Probe  
  53  7:37  Stalker  
  53  7:38  Stalker x2  
  53  7:43  Probe  
  60  7:45  Probe  
  60  7:46  Observer  
  60  7:48  Protoss Ground Armor Level 2 (Chrono Boost)  
  61  7:56  Probe  
  62  8:03  Nexus  
  62  8:06  Pylon  
  62  8:08  Probe  
  62  8:18  Pylon  
  62  8:24  Probe x2  
  64  8:32  Gateway  
  64  8:34  Gateway  
  64  8:36  Probe x2  
  66  8:46  Zealot x5  
  66  8:48  Probe x2  
  76  8:54  Immortal  
  69  9:08  Stalker x4  
  60  9:21  Probe (Chrono Boost)  
  61  9:27  Probe (Chrono Boost)  
  61  9:32  Probe (Chrono Boost)  
  61  9:33  Probe (Chrono Boost)  
  61  9:37  Pylon  
  62  9:38  Probe x2 (Chrono Boost)  
  62  9:40  Probe (Chrono Boost)  
  62  9:46  Stalker x2  
  62  9:47  Probe  
  62  9:48  Probe  
  62  9:51  Probe  
  65  9:54  Stalker x2  
  65  9:59  Stalker, Probe  
  58  10:16  Stalker x4  
  58  10:18  Probe x3  
  67  10:22  Observer (Chrono Boost)  
  68  10:30  Probe x2  
  68  10:31  Zealot x3  
  68  10:40  Zealot x2  
Tags
 
Add a new tag
Caveats
  • Supply blocks, unpowered buildings, or Contaminate may cause inaccurate times.
  • Supply counts are checked every 10 seconds.